 Dungeon Crawl Stone Soup version 0.31-a0-237-g2d982f9f85 (webtiles) character file.

Game seed: 18253570674428678057

1548 qw the Skirmisher (level 8, -1/50 HPs)
             Began as a Gargoyle Hexslinger on July 10, 2023.
             Slain by an orc wizard
             ... wielding a +0 dagger
              (3 damage)
             ... on level 6 of the Dungeon.
             The game lasted 00:01:56 (4731 turns).

qw the Skirmisher (Gargoyle Hexslinger)             Turns: 4731, Time: 00:01:56

Health: -1/50      AC: 13    Str: 11    XL:     8   Next: 87%
Magic:  9/9        EV: 11    Int: 15    God:
Gold:   258        SH:  0    Dex: 14    Spells: 8/9 levels left

rFire   . . .        j - +2 orcbow (heavy)
rCold   + . .        (shield currently unavailable)
rNeg    + . .        h - +0 ring mail
rPois   inf          k - +0 helmet
rElec   +            (no cloak)
rCorr   .            e - +0 pair of gloves
SInv    .            (no boots)
Will    .....        (no amulet)
Stlth   +            c - ring of protection from cold
HPRegen 0.28/turn    (no ring)
MPRegen 0.11/turn

%: no passive effects
@: about to teleport
A: sickness immunity, AC +5, negative energy resistance 1, electricity
resistance, torment resistance 1, petrification resistance
a: no special abilities


You were on level 6 of the Dungeon.
You visited 1 branch of the dungeon, and saw 6 of its levels.

You collected 316 gold pieces.
You spent 58 gold pieces at shops.


Innate Abilities, Weirdness & Mutations

You are immune to sickness and miasma.
Your stone body is resilient. (AC +5)
You are immune to poison.
You resist negative energy. (rN+)
You are resistant to electric shocks. (rElec)
You are resistant to unholy torment.
You are immune to petrification.


   Skills:
 + Level 5.4 Fighting
 - Level 9.1 Ranged Weapons
 - Level 3.0 Armour
 - Level 2.3 Dodging
 - Level 1.0 Spellcasting
 - Level 2.6 Hexes


You had 8 spell levels left.
You knew the following spells:

 Your Spells              Type           Power      Damage    Failure   Level
a - Slow                  Hex            32%        N/A       19%         1

Your spell library contained the following spells:

 Spells                   Type           Power      Damage    Failure   Level
 Inner Flame              Hex/Fire       4%         N/A       67%         3
 Portal Projectile        Hex/Tloc       8%         N/A       67%         3
 Cause Fear               Hex            4%         N/A       88%         4

Inventory:

Hand Weapons
 j - a +2 heavy orcbow (weapon)
Armour
 e - a +0 pair of gloves (worn)
 h - a +0 ring mail (worn)
 k - a +0 helmet (worn)
 l - +0 steam dragon scales
Jewellery
 c - a ring of protection from cold (left hand)
 g - a ring of ice
Scrolls
 a - a scroll of identify
Potions
 d - 6 potions of curing
 f - 2 potions of resistance
 i - a potion of cancellation
 n - a potion of enlightenment
 o - a potion of might

Dungeon Overview and Level Annotations

Branches:
Dungeon (6/15)
 Temple: D:4-7

Altars:

Shops:
D:4 [


Message History

Something hits you but does no damage. x2
The orc priest hits you with a +0 dagger.
Something hits you but does no damage. The orc hits you but does no damage.
Something hits you.
You shoot an arrow.
The arrow hits the orc priest but does no damage.
The orc priest hits you but does no damage.
Something hits you but does no damage. The orc misses you.
Something hits you but does no damage. The orc priest closely misses you.
The orc wizard casts a spell.
The orc wizard flickers and vanishes!
An orc comes into view. It is wielding a +0 dagger.
The orc shouts!
You shoot an arrow. The arrow hits the orc priest.
The orc priest is moderately wounded.
Something hits you but does no damage. The orc closely misses you.
Something hits you.
The orc priest invokes the aid of Beogh against you.
Pain shoots through your body!
You hear some strange, mumbled words.
A magic dart appears from out of thin air!
The magic dart hits you but does no damage.
The orc barely misses you.
The orc priest hits you with a +0 dagger.
The orc hits you but does no damage.
You hear some strange, mumbled words.
Something tries to affect you, but you resist.
4730 ||| READING scroll of teleportation.
As you read the scroll of teleportation, it crumbles to dust.
You feel strangely unstable. Something hits you but does no damage.
The orc barely misses you. Something hits you but does no damage.
The orc priest mumbles some strange prayers to Beogh against you.
Pain shoots through your body!
A magic dart appears from out of thin air!
The magic dart hits you but does no damage.
The orc completely misses you.
You shoot an arrow. The arrow barely misses the orc priest.
Something hits you.
You die...

.....#.....##
............## #
.#....>.#....##.##
...#.....#.###.#.#
...##....###...#.##
......##..###.....##
.......##...##.....###
.......######....o...#..
.....###~~~ #o@..{o...
....###~~~~ ##o{#.....
.......~~.. ...# ...
##....~)... ..... .
#....~....~ ....#.#
.....~..~~. ~....#..
.#....~~....~....#.#.
.#.......}~~.......##.
........~~}


You could see an orc priest and 3 orcs.

Vanquished Creatures
  A steam dragon (D:6)
  Edmund (D:4)
  2 ice beasts (D:5)
  2 ogres
  2 centaurs
  A phantom (D:4)
  A scorpion (D:4)
  An electric eel (D:6)
  3 howler monkeys
  A jelly (D:5)
  An orc priest (D:4)
  A hound (D:6)
  Ijyb (D:4)
  5 iguanas
  Robin (D:4)
  8 gnolls
  7 adders
  4 white imps
  2 ufetubi (D:5)
  A worm (D:5)
  3 dart slugs
  4 orcs
  3 endoplasms
  4 giant cockroaches
  10 goblins
  6 hobgoblins
  7 jackals
  5 quokkas
  A ball python (D:2)
  4 bats
  A frilled lizard (D:1)
  6 kobolds
  4 rats
104 creatures vanquished.

Notes
Turn   | Place    | Note
-------+----------+-------------------------------------------
     0 | D:1      | qw the Gargoyle Hexslinger began the quest for the Orb.
     0 | D:1      | Reached XP level 1. HP: 12/12 MP: 2/2
     0 | D:1      | 0 ||| qw: Version: 0.3-a-52-g30416fa
     0 | D:1      | 0 ||| qw: Game counter: 5018
     0 | D:1      | 0 ||| qw: Melee chars always use a shield: true
     0 | D:1      | 0 ||| qw: God list: Okawaru
     0 | D:1      | 0 ||| qw: Allow faded altars: false
     0 | D:1      | 0 ||| qw: Do Orc after clearing Dungeon:15 true
     0 | D:1      | 0 ||| qw: Do second Lair branch before Depths: true
     0 | D:1      | 0 ||| qw: Lair rune preference: random
     0 | D:1      | 0 ||| qw: Goals: Normal
     0 | D:1      | 0 ||| PLANNING D:1-11
    41 | D:1      | Reached XP level 2. HP: 16/16 MP: 3/3
   345 | D:1      | Reached skill level 3 in Ranged Weapons
   395 | D:1      | Found a faded altar of an unknown god.
   562 | D:1      | 562 ||| UPGRADING to +0 leather armour.
   572 | D:1      | 572 ||| DROPPING +0 robe.
   573 | D:1      | 573 ||| READING 3 scrolls labelled HAISAQ UCWOE.
   574 | D:1      | 574 ||| READING scroll labelled AHAEGU GURAHE.
   575 | D:1      | 575 ||| READING scroll labelled UZEIPE FUAGA.
   576 | D:1      | 576 ||| READING scroll labelled ESAOCV VOAHIXT.
   577 | D:1      | 577 ||| DRINKING 2 smoky clear potions.
   578 | D:1      | 578 ||| DRINKING 2 coppery potions.
   579 | D:1      | 579 ||| READING 2 scrolls of identify.
   579 | D:1      | 579 ||| IDENTIFYING cyan potion
   580 | D:1      | 580 ||| DROPPING scroll of poison.
   649 | D:2      | Reached XP level 3. HP: 20/21 MP: 4/4
   661 | D:2      | 661 ||| FLEEEEING.
   741 | D:2      | Reached XP level 4. HP: 26/26 MP: 5/5
   772 | D:2      | Reached skill level 4 in Ranged Weapons
  1571 | D:2      | 1571 ||| UPGRADING to ring of protection from cold.
  1572 | D:2      | 1572 ||| READING scroll labelled ZAITISH RAPRUR.
  1573 | D:2      | 1573 ||| READING 2 scrolls of identify.
  1573 | D:2      | 1573 ||| IDENTIFYING yellow potion
  1574 | D:2      | 1574 ||| DROPPING potion of invisibility.
  1640 | D:3      | HP: 6/26 [gnoll/+0 club (3)]
  1660 | D:3      | 1660 ||| FLEEEEING.
  1661 | D:3      | 1661 ||| FLEEEEING.
  1662 | D:3      | 1662 ||| FLEEEEING.
  1665 | D:3      | 1665 ||| STAIRDANCE
  1905 | D:3      | Reached XP level 5. HP: 28/30 MP: 6/6
  2364 | D:3      | 2364 ||| UPGRADING to +0 ring mail.
  2374 | D:3      | 2374 ||| DROPPING +0 leather armour.
  2375 | D:3      | 2375 ||| READING scroll labelled TENITOMMEFA.
  2380 | D:3      | 2380 ||| DRINKING 2 bubbling brown potions.
  2511 | D:4      | Reached skill level 1 in Armour
  2539 | D:4      | Reached skill level 5 in Ranged Weapons
  2552 | D:4      | Reached XP level 6. HP: 24/36 MP: 7/7
  2611 | D:4      | Reached skill level 3 in Fighting
  2647 | D:4      | 2647 ||| FLEEEEING.
  2648 | D:4      | 2648 ||| FLEEEEING.
  2649 | D:4      | 2649 ||| FLEEEEING.
  2649 | D:4      | Noticed Edmund
  2650 | D:4      | 2650 ||| FLEEEEING.
  2651 | D:4      | 2651 ||| FLEEEEING.
  2652 | D:4      | 2652 ||| FLEEEEING.
  2653 | D:4      | 2653 ||| FLEEEEING.
  2654 | D:4      | 2654 ||| FLEEEEING.
  2655 | D:4      | 2655 ||| FLEEEEING.
  2660 | D:4      | 2660 ||| FLEEEEING.
  2667 | D:4      | Reached skill level 6 in Ranged Weapons
  2672 | D:4      | HP: 5/37 [Edmund/+3 dire flail of holy wrath (6)]
  2673 | D:4      | 2673 ||| DRINKING potion of heal wounds.
  2677 | D:4      | Killed Edmund
  2678 | D:4      | Reached XP level 7. HP: 6/44 MP: 8/8
  2860 | D:4      | Found Rihuluv's Armour Emporium.
  2883 | D:4      | 2883 ||| BUYING +0 pair of gloves (58 gold).
  2883 | D:4      | Bought a +0 pair of gloves for 58 gold pieces
  2883 | D:4      | 2883 ||| SHOPLISTING +1 hat (143 gold, have 130).
  2883 | D:4      | 2883 ||| SHOPLISTING +2 helmet (214 gold, have 130).
  2883 | D:4      | 2883 ||| SHOPLISTING +2 ring mail of Afrin {Str+2} (327
                  | gold, have 130).
  2920 | D:4      | Noticed Robin
  2952 | D:4      | HP: 11/44 [goblin/+0 club[Robin] (3)]
  2953 | D:4      | Killed Robin
  2958 | D:4      | HP: 5/44 [goblin/+0 dagger[Robin] (2)]
  3583 | D:4      | Noticed Ijyb
  3593 | D:4      | HP: 11/44 [Ijyb/+0 club (10)]
  3595 | D:4      | Killed Ijyb
  3596 | D:4      | Reached skill level 7 in Ranged Weapons
  3772 | D:4      | 3772 ||| UPGRADING to +0 pair of gloves.
  3777 | D:4      | 3777 ||| DROPPING -2 pair of boots.
  3778 | D:4      | 3778 ||| UPGRADING to +0 helmet.
  3783 | D:4      | 3783 ||| READING 2 scrolls of identify.
  3783 | D:4      | 3783 ||| IDENTIFYING metallic brown potion
  3784 | D:4      | 3784 ||| DROPPING potion of brilliance.
  3809 | D:5      | Entered Level 5 of the Dungeon
  3873 | D:5      | 3873 ||| FLEEEEING.
  3874 | D:5      | 3874 ||| FLEEEEING.
  3875 | D:5      | 3875 ||| FLEEEEING.
  3876 | D:5      | 3876 ||| FLEEEEING.
  3877 | D:5      | 3877 ||| FLEEEEING.
  3878 | D:5      | 3878 ||| FLEEEEING.
  3879 | D:5      | 3879 ||| FLEEEEING.
  3880 | D:5      | 3880 ||| FLEEEEING.
  3881 | D:5      | 3881 ||| FLEEEEING.
  3882 | D:5      | 3882 ||| FLEEEEING.
  3883 | D:5      | 3883 ||| FLEEEEING.
  3884 | D:5      | 3884 ||| FLEEEEING.
  3885 | D:5      | 3885 ||| FLEEEEING.
  3886 | D:5      | 3886 ||| FLEEEEING.
  3892 | D:5      | Reached skill level 3 in Armour
  4039 | D:5      | Reached XP level 8. HP: 47/48 MP: 9/9
  4043 | D:5      | Reached skill level 8 in Ranged Weapons
  4045 | D:5      | 4045 ||| SWAPPING to +2 heavy orcbow.
  4046 | D:5      | 4046 ||| DROPPING +1 sling of electrocution.
  4561 | D:5      | 4561 ||| READING scroll labelled ICZORIRORCH.
  4562 | D:5      | 4562 ||| DRINKING 2 orange potions.
  4563 | D:5      | 4563 ||| READING 3 scrolls of identify.
  4563 | D:5      | 4563 ||| IDENTIFYING ruby potion
  4564 | D:5      | 4564 ||| READING 2 scrolls of identify.
  4564 | D:5      | 4564 ||| IDENTIFYING lumpy puce potion
  4565 | D:5      | 4565 ||| DROPPING potion of attraction.
  4628 | D:6      | Reached skill level 9 in Ranged Weapons
  4716 | D:6      | HP: 9/49 [ogre/+0 giant spiked club (26)]
  4717 | D:6      | 4717 ||| READING 2 scrolls of teleportation.
  4718 | D:6      | 4718 ||| DRINKING potion of heal wounds.
  4729 | D:6      | HP: 9/50 [orc priest/nerve-wracking pain (6)]
  4730 | D:6      | 4730 ||| READING scroll of teleportation.
  4730 | D:6      | HP: 2/50 [orc priest/nerve-wracking pain (6)]
  4731 | D:6      | Slain by an orc wizard

Levels and vault maps discovered:
D:1:      psy_arrival_statuary, layout_loops_ring,
          hellmonk_ecumenical_altar_lost_god
D:2:      layout_basic
D:3:      layout_loops_ring, serial_glass, glass_columns_a, glass_columns_b,
          glass_columns_b, glass_columns_b, glass_columns_a, glass_columns_a,
          glass_columns_a, glass_columns_c, glass_columns_a, glass_columns_c
D:4:      layout_loops_ring, serial_shops, nicolae_shop_scrapyard, uniq_ijyb,
          uniq_edmund, uniq_robin
D:5:      layout_gridville, grunt_ministairs_3,
          nicolae_concentric_dashed_squares_mild, st_stairs_12
D:6:      cheibrodos_helix_gallery, layout_cave_pools,
          grunt_dithmenos_smoke_and_mirrors, minmay_chambers_of_fives

Skill      XL: |  1  2  3  4  5  6  7  8 |
---------------+-------------------------+-----
Ranged Weapons | 3 4 5 6 7 9 |  9.1
Fighting       | 2 4 5 |  5.4
Armour         | 1 3 |  3.0
Dodging        | 2 |  2.3
Spellcasting   | |  1.0
Hexes          | |  2.6

Action                     |  1- 3 |  4- 6 |  7- 9 || total
---------------------------+-------+-------+-------++-------
   Fire: Sling             |    57 |   174 |   145 ||   376
         Orcbow            |       |       |    54 ||    54
    Use: Scroll            |     5 |     3 |     6 ||    14
         Potion            |     2 |     2 |     2 ||     6
 Armour: Robe              |     2 |       |       ||     2
         Leather armour    |     4 |    26 |       ||    30
         Ring mail         |       |    30 |   119 ||   149
  Dodge: Dodged            |    13 |    60 |    93 ||   166

Table legend:
 A = Non-vault XP
 B = Vault XP
 C = Vault XP percentage of total XP
 D = Non-vault monster count
 E = Vault monster count
 F = Vault count percentage of total count
                 A         B        C        D         E       F
            +---------+---------+-------+---------+---------+-------
      Total |    1812 |     400 |  18.1 |      86 |      18 |  17.3
            +---------+---------+-------+---------+---------+-------
        D:1 |      25 |       0 |   0.0 |      14 |       0 |   0.0
        D:2 |      92 |       0 |   0.0 |      18 |       0 |   0.0
        D:3 |      77 |       0 |   0.0 |       9 |       0 |   0.0
        D:4 |     509 |     233 |  31.4 |      25 |      13 |  34.2
        D:5 |     618 |      49 |   7.3 |      10 |       3 |  23.1
        D:6 |     491 |     118 |  19.4 |      10 |       2 |  16.7
            +---------+---------+-------+---------+---------+-------
